 Dungeon Crawl Stone Soup version 0.29.0-10-g45618ea6d2 (webtiles) character file.

Game seed: 13429057849924911369

296 Plorgh the Firebug (level 6, 0/60 (61) HPs)
             Began as an Ogre Fire Elementalist on Sept 1, 2022.
             Slain by a sky beast (6 damage)
             ... on level 3 of the Dungeon.
             The game lasted 00:06:05 (4336 turns).

Plorgh the Firebug (Ogre Fire Elementalist)         Turns: 4336, Time: 00:06:06

HP:   0/60 (61)     AC:  3    Str: 13    XL:     6   Next: 34%
MP:   7/9           EV:  9    Int: 18    God:
Gold: 227           SH:  0    Dex:  9    Spells: 2/9 levels left

rFire   . . .      SeeInvis .   l - +0 trident
rCold   . . .      Faith    .   (no shield)
rNeg    . . .      Spirit   .   a - +0 robe
rPois   .          Reflect  .   (helmet restricted)
rElec   .          Harm     .   (no cloak)
rCorr   .          Rampage  .   (gloves unavailable)
Will    .....                   (boots unavailable)
Stlth   +.........              (no amulet)
HPRegen 0.20/turn               (no ring)
MPRegen 0.11/turn               (no ring)

@: lightly drained
A: large, unfitting armour, tough skin 1
a: no special abilities


You were on level 3 of the Dungeon.
You visited 1 branch of the dungeon, and saw 4 of its levels.

You collected 227 gold pieces.

Inventory:

Hand Weapons
 l - a +0 trident (weapon)
Armour
 a - a +0 robe (worn)
Wands
 p - a wand of polymorph (10)
Scrolls
 c - 3 scrolls of vulnerability {unknown}
 d - a scroll of magic mapping {unknown}
 e - a scroll of torment {unknown}
 h - 7 scrolls of identify {unknown}
 k - a scroll of teleportation {unknown}
 m - a scroll of amnesia {unknown}
 n - a scroll of poison {unknown}
 o - a scroll of noise {unknown}
Potions
 g - 3 potions of degeneration {unknown}
 i - 3 potions of flight {unknown}
 j - 2 potions of mutation {unknown}
 q - a potion of curing {unknown}


   Skills:
 + Level 3.6 Fighting
 - Level 1.7 Dodging
 - Level 1.4 Stealth
 - Level 2.4 Spellcasting
 - Level 4.0 Conjurations
 - Level 4.0 Fire Magic


You had 2 spell levels left.
You knew the following spells:

 Your Spells              Type           Power      Damage    Failure   Level
a - Foxfire               Conj/Fire      64%        2x1d7     3%          1
b - Scorch                Fire           32%        2d6       4%          2
c - Flame Wave            Conj/Fire      16%        2d7       32%         4

Your spell library contained the following spells:

 Spells                   Type           Power      Damage    Failure   Level
 Ensorcelled Hibernation  Hex/Ice        4%         N/A       26%         2
 Passwall                 Tmut/Erth      1%         N/A       26%         2
 Conjure Flame            Conj/Fire      16%        6-21      10%         3
 Inner Flame              Hex/Fire       9%         N/A       22%         3
 Spider Form              Tmut/Pois      2%         N/A       45%         3
 Swiftness                Air            2%         N/A       45%         3
 Anguish                  Hex/Necr       1%         N/A       86%         4


Dungeon Overview and Level Annotations

Branches:
Dungeon (4/15)
 Temple: D:4-7

Altars:
Ashenzari
Dithmenos
The Shining One

Annotations:
D:3 2 transporters


Innate Abilities, Weirdness & Mutations

You are too large for most types of armour.
You have tough skin. (AC +1)


Message History

The sky beast flickers out of sight!
Deactivating autopickup; reactivate with Ctrl-A.
Something hits you but does no damage. A mysterious force pulls you upwards.
The hatch slams shut behind you.
Level annotation: 2 transporters Reactivating autopickup.
Unknown command.
You start resting.
Something hits you but does no damage.
Deactivating autopickup; reactivate with Ctrl-A.
You start resting.
Something hits you. Something shocks you.
Casting: Foxfire (safe; 3% risk of failure)
Confirm with . or Enter, or press ? or * to list all spells.
Okay, then.
Magic courses through your body. Something hits you but does no damage.
Unknown command.
Something hits you. Something shocks you.
* * * LOW HITPOINT WARNING * * *
A sky beast appears from thin air!
Reactivating autopickup.
The sky beast attacks as you move away!
The sky beast hits you but does no damage.
Casting: Foxfire (safe; 3% risk of failure)
Confirm with . or Enter, or press ? or * to list all spells.
Flames lash the sky beast.
The sky beast is moderately wounded.
The sky beast's fire resistance burns away.
The sky beast flickers out of sight!
Deactivating autopickup; reactivate with Ctrl-A.
Something hits you.
* * * LOW HITPOINT WARNING * * *
Something shocks you.
* * * LOW HITPOINT WARNING * * *
Casting: Scorch (safe; 4% risk of failure)
Confirm with . or Enter, or press ? or * to list all spells.
You don't know that spell.
Okay, then.
Something hits you.
* * * LOW HITPOINT WARNING * * *
Something shocks you.
You die...

#.####.# #.....#########...# #.#
##.## #.###.....©.......#
#.###.#[###.# #.###.........#
#....###.##.# #.# ##....<.###
###.#.#.###.# #.# ####...#
#.##.## #.# #.# ###.# #.##># #.#
#.# #.# #.##.####.###.# #.#
#######.##......@...#########.#
........#######...........(...###
######### #####.####......... #
#.# #.###..... # #.####.###.##.#
############# #..........##.#
............# ######.######.#
###########.# #.######.# #.#
#........#


There were no monsters in sight!

Vanquished Creatures
  A black bear (D:4)
  An orc priest (D:4)
  An orc wizard (D:4)
  8 adders
  A worm (D:4)
  2 dart slugs
  7 orcs (D:4)
  5 ball pythons
  6 endoplasms
  12 giant cockroaches (D:2)
  4 goblins
  4 hobgoblins
  A kobold (D:4)
  2 quokkas (D:4)
  2 bats
  7 rats (D:2)
64 creatures vanquished.

Vanquished Creatures (others)
  77 foxfires
77 creatures vanquished.

Grand Total: 141 creatures vanquished

Notes
Turn   | Place    | Note
-------+----------+-------------------------------------------
     0 | D:1      | Plorgh the Ogre Fire Elementalist began the quest for the
                  | Orb.
     0 | D:1      | Reached XP level 1. HP: 16/16 MP: 3/3
   337 | D:1      | Reached XP level 2. HP: 7/24 MP: 0/5
  1267 | D:2      | Reached XP level 3. HP: 6/31 MP: 2/6
  1587 | D:2      | Reached skill level 1 in Conjurations
  1943 | D:2      | Reached XP level 4. HP: 34/39 MP: 5/7
  2522 | D:2      | Learned a level 2 spell: Scorch
  2527 | D:2      | Learned a level 4 spell: Flame Wave
  3068 | D:3      | Found a shadowy altar of Dithmenos.
  3119 | D:3      | Found a transporter.
  3120 | D:3      | Noticed a gnoll sergeant
  3126 | D:3      | Found a broken altar of Ashenzari.
  3135 | D:3      | Found a transporter.
  3509 | D:4      | Noticed a black bear
  3514 | D:4      | Killed a black bear
  3515 | D:4      | Reached skill level 1 in Fighting
  3515 | D:4      | Reached XP level 5. HP: 48/48 MP: 0/8
  3574 | D:4      | Found a glowing golden altar of the Shining One.
  4007 | D:4      | Reached XP level 6. HP: 34/55 MP: 1/9
  4308 | D:4      | Noticed a sky beast
  4336 | D:3      | Slain by a sky beast

Illustrated notes

Levels and vault maps discovered:
D:1:      eino_arrival_druids_welcome, layout_loops_ring,
          minmay_misc_feat_pillars
D:2:      minmay_roachtagon, layout_basic
D:3:      layout_loops_ring, gammafunk_temple_overflow_arena,
          grunt_dithmenos_smoke
D:4:      old_forge, layout_basic, mainiacjoe_overflow_catwalk,
          nicolae_uskayaw_murder_on_the_dancefloor,
          mainiacjoe_overflow_surrounded_room, dreamdust_mushroom_princess

Skill      XL: |  1  2  3  4  5  6 |
---------------+-------------------+-----
Fire Magic     | 3 4 |  4.0
Conjurations   | 2 4 |  4.0
Fighting       | 1 2 3 |  3.6
Dodging        | |  1.7
Stealth        | |  1.4
Spellcasting   | |  2.4

Action                   |  1- 3 |  4- 6 || total
-------------------------+-------+-------++-------
Melee: Rapier            |   118 |    40 ||   158
       Punch             |     1 |     1 ||     2
       Trident           |       |    48 ||    48
 Cast: Foxfire           |    17 |    27 ||    44
       Scorch            |       |     8 ||     8
  Use: Potion            |     1 |     3 ||     4
 Stab: Sleeping          |     3 |     4 ||     7
Armor: Robe              |    64 |    33 ||    97
Dodge: Dodged            |    74 |    66 ||   140
